 Dungeon Crawl Stone Soup version 0.29-a0-380-gf50f0a9fbc (webtiles) character file.

Game seed: 16809937001856496834

1 spaghetti the Ogre Mage (level 1, -2/16 HPs)
             Began as an Ogre Hedge Wizard on May 5, 2022.
             Slain by a quokka (3 damage)
             ... on level 1 of the Dungeon.
             The game lasted 00:00:15 (46 turns).

spaghetti the Ogre Mage (Ogre Hedge Wizard)           Turns: 46, Time: 00:00:15

Health: -2/16      AC:  3    Str: 13    XL:     1   Next: 20%
Magic:  3/5        EV:  9    Int: 15    God:
Gold:   0          SH:  0    Dex:  8    Spells: 6/7 levels left

rFire   . . .      SeeInvis .   a - +0 dagger {short}
rCold   . . .      Faith    .   (no shield)
rNeg    . . .      Spirit   .   b - +0 robe
rPois   .          Reflect  .   c - +0 hat
rElec   .          Harm     .   (no cloak)
rCorr   .          Rampage  .   (gloves unavailable)
Will    .....                   (boots unavailable)
Stlth   +.........              (no amulet)
HPRegen 0.05/turn               (no ring)
MPRegen 0.09/turn               (no ring)

@: no status effects
A: large, unfitting armour, tough skin 1
a: no special abilities


You were on level 1 of the Dungeon.
You visited 1 branch of the dungeon, and saw 1 of its levels.


Innate Abilities, Weirdness & Mutations

You are too large for most types of armour.
You have tough skin. (AC +1)


   Skills:
 - Level 1.7 Dodging
 - Level 1.4 Stealth
 + Level 3.7 Spellcasting
 - Level 0.8 Conjurations
 - Level 0.8 Summonings
 - Level 0.8 Translocations


You had 6 spell levels left.
You knew the following spells:

 Your Spells              Type           Power      Damage    Failure   Level
a - Magic Dart            Conj           20%        1d4       13%         1

Your spell library contained the following spells:

 Spells                   Type           Power      Damage    Failure   Level
 Slow                     Hex            8%         N/A       19%         1
 Blink                    Tloc           10%        N/A       21%         2
 Call Imp                 Summ           5%         N/A       21%         2
 Conjure Flame            Conj/Fire      4%         6-21      43%         3
 Mephitic Cloud           Conj/Pois/Air  3%         N/A       45%         3

Inventory:

Hand Weapons
 a - a +0 dagger (weapon) {short}
Armour
 b - a +0 robe (worn)
 c - a +0 hat (worn)
Potions
 d - a potion of magic
 e - a potion of attraction {unknown}

Dungeon Overview and Level Annotations

Branches:
Dungeon (1/15)

Altars:

#.###### ...
#.##...#####.#
#+#'##.#.#...#.#
#...##.#.#.#.#.#
+.<.'..#.#.#.'.#
#...####.#.###.#
. #+#+# #...# #.#
...
#######.####.....
#...@†......
+....r......
#............
#.............
#............#
......#####.#.#
....♣..# .# #
....... #


You could see a quokka.


Message History

🤖 Initializing magus.rc ...
Options error: Delay interrupt name "hungry" not recognised. (~/.crawlrc:4761) Options error: Bad monster_list_colour key: strict_neutral (~/.crawlrc:4776) Bad channel name for runrest: 'pray:' ✅ Successfully initialized magus.rc [v1.9.6] Welcome, spaghetti the Ogre Hedge Wizard.
The heart of this dungeon contains the fabled artefact, the Orb of Zot.
Press ? for a list of commands and other information.
Found a staircase leading out of the dungeon.
Okay, then.
You open the door. You open the door.
There is an open door here.
e - a silvery potion You open the door.
There is an open door here.
A ball python comes into view.
A ball python is nearby!
A ball python is nearby!
A quokka comes into view.
The ball python bites you but does no damage.
You hit the ball python. The ball python bites you. 😕 HP[-1]
You take 1 damage, and now have 15/16 hp.
You are too injured to fight recklessly!
You are too injured to fight recklessly!
You are too injured to fight recklessly!
You are too injured to fight recklessly!
You are too injured to fight recklessly!
You are too injured to fight recklessly!
You are too injured to fight recklessly!
You are too injured to fight recklessly!
You are too injured to fight recklessly!
You are too injured to fight recklessly!
You are too injured to fight recklessly!
You are too injured to fight recklessly!
You are too injured to fight recklessly!
You are too injured to fight recklessly!
You are too injured to fight recklessly!
You are too injured to fight recklessly!
Unknown command.
You closely miss the ball python. The ball python bites you. 😕 HP[-1]
You take 1 damage, and now have 14/16 hp.
You closely miss the ball python.
The ball python bites you but does no damage.
You hit the ball python but do no damage.
The ball python bites you.
The ball python bites you but does no damage. 😕 HP[-1]
You take 1 damage, and now have 13/16 hp.
You barely miss the ball python. The ball python bites you. 😮 HP[-1]
You take 1 damage, and now have 12/16 hp.
You hit the ball python but do no damage.
The quokka bites you. The ball python misses you. 😮 HP[-2]
You take 2 damage, and now have 10/16 hp.
You closely miss the ball python. The quokka bites you.
The ball python barely misses you.
You hit the ball python. The quokka bites you.
* * * LOW HITPOINT WARNING * * *
The ball python barely misses you. The quokka bites you.
* * * LOW HITPOINT WARNING * * *
😱 HP[-6]
You take 6 damage, and now have 4/16 hp.
MASSIVE DAMAGE!! (PAUSE) Unknown command.
You hit the ball python.
You kill the ball python!
The quokka bites you but does no damage.
You closely miss the quokka. The quokka closely misses you.
You closely miss the quokka. The quokka bites you.
* * * LOW HITPOINT WARNING * * *
😱 HP[-1]
You take 1 damage, and now have 3/16 hp.
You closely miss the quokka. The quokka bites you.
* * * LOW HITPOINT WARNING * * *
😱 HP[-2]
You take 2 damage, and now have 1/16 hp.
Casting: Magic Dart (safe; 13% risk of failure)
Confirm with . or Enter, or press ? or * to list all spells.
Aiming: Magic Dart (safe; 13% risk of failure)
Press: ? - help, Shift-Dir - straight line, f - quokka
Aim: a quokka (100% to hit)
The magic dart hits the quokka.
The quokka misses you. The quokka barely misses you. 😱 MP[-1]
You lost 1 mp, and now have 4/5 mp.
Casting: Magic Dart (safe; 13% risk of failure)
Confirm with . or Enter, or press ? or * to list all spells.
Aiming: Magic Dart (safe; 13% risk of failure)
Press: ? - help, Shift-Dir - straight line, f/p - quokka
Aim: a quokka (moderately wounded, 100% to hit)
The magic dart hits the quokka but does no damage.
The quokka bites you.
You die...

Action                   || total
-------------------------++-------
Melee: Dagger            ||    12
 Cast: Magic Dart        ||     2
Armor: Robe              ||     4
Dodge: Dodged            ||     6

Levels and vault maps discovered:
D:1:      nicolae_arrival_somewhat_less_tricky_arrival, layout_basic,
          dreamdust_ecumenical_altar_hidden_monk_grotto, columned_hall_lemuel

Notes
Turn   | Place    | Note
-------+----------+-------------------------------------------
     0 | D:1      | spaghetti the Ogre Hedge Wizard began the quest for the
                  | Orb.
     0 | D:1      | Reached XP level 1. HP: 16/16 MP: 5/5
     0 | D:1      | magus.rc [v1.9.6]
    40 | D:1      | HP: 4/16 [quokka (4)]
    44 | D:1      | HP: 1/16 [quokka (2)]
    46 | D:1      | Slain by a quokka

Vanquished Creatures
  A ball python (D:1)
1 creature vanquished.

Table legend:
 A = Non-vault XP
 B = Vault XP
 C = Vault XP percentage of total XP
 D = Non-vault monster count
 E = Vault monster count
 F = Vault count percentage of total count
                 A         B        C        D         E       F
            +---------+---------+-------+---------+---------+-------
      Total |       2 |       0 |   0.0 |       1 |       0 |   0.0
            +---------+---------+-------+---------+---------+-------
        D:1 |       2 |       0 |   0.0 |       1 |       0 |   0.0
            +---------+---------+-------+---------+---------+-------

Illustrated notes

Table legend:
 A = Kills in this place as a percentage of kills in entire the game.
 B = Kills by you in this place as a percentage of kills by you in the entire game.
 C = Kills by friends in this place as a percentage of kills by friends in the entire game.
 D = Other kills in this place as a percentage of other kills in the entire game.
 E = Experience gained in this place as a percentage of experience gained in the entire game.
 F = Experience gained in this place divided by the number of levels of this place that you have seen.
                   A       B       C       D       E      F
               +-------+-------+-------+-------+-------+----------------------
         Total | 100.0 | 100.0 |   N/A |   N/A | 100.0 |   2.0
       Dungeon | 100.0 | 100.0 |   N/A |   N/A | 100.0 |   2.0
               +-------+-------+-------+-------+-------+----------------------

Table legend: (Time is in decaauts)
 A = Elapsed time spent in this place.
 B = Non-inter-level travel time spent in this place.
 C = Inter-level travel time spent in this place.
 D = Time resting spent in this place.
 E = Time spent auto-exploring this place.
 F = Levels seen in this place.
 G = Mean time per level.
                   A        B        C        D        E       F      G
               +--------+--------+--------+--------+--------+-----+--------+
         Total |     46 |     46 |      0 |      0 |     29 |   1 |   46.0 |
       Dungeon |     46 |     46 |      0 |      0 |     29 |   1 |   46.0 |
               +--------+--------+--------+--------+--------+-----+--------+

Top non-repeatable levels by time:
     D:1: 46 daAuts
